 Dungeon Crawl Stone Soup version 0.26.0-18-gc5c842f807 (webtiles) character file.

Game seed: 16910354927363752230

158 thiole the Sneak (level 5, -2/31 HPs)
             Began as an Octopode Hedge Wizard on Jan 23, 2021.
             Killed from afar by a white imp (12 damage)
             ... with a puff of frost
             ... on level 7 of the Dungeon.
             The game lasted 00:03:50 (5165 turns).

thiole the Sneak (Octopode Hedge Wizard)            Turns: 5165, Time: 00:03:51

Health: -2/31      AC:  1    Str:  9    XL:     5   Next: 40%
Magic:  3/10       EV: 13    Int: 17    God:
Gold:   291        SH:  0    Dex: 12    Spells: 3/11 levels left

rFire    . . .     SeeInvis .   a - +0 dagger
rCold    . . .     Faith    .   (no shield)
rNeg     . . .     Spirit   .   b - +0 hat
rPois    .         Reflect  .   (no amulet)
rElec    .         Harm     .   (no ring)
rCorr    .         Rampage  .   (no ring)
Will     .....                  (no ring)
Stlth    +++.......             (no ring)
HPRegen  0.10/turn              (no ring)
MPRegen  0.12/turn              (no ring)
                                (no ring)
                                (no ring)

@: very slightly contaminated
A: almost no armour, stealthy swim, amphibious, 8 rings, constrict 8, camouflage
1, gelatinous body 1
a: no special abilities


You were on level 7 of the Dungeon.
You visited 1 branch of the dungeon, and saw 5 of its levels.

You collected 291 gold pieces.

Inventory:

Hand Weapons
 a - a +0 dagger (weapon)
Armour
 b - a +0 hat (worn)
Jewellery
 d - a cursed -4 ring of evasion {unknown}
 m - an uncursed ring of resist corrosion
 p - an uncursed ring of see invisible
Wands
 u - a wand of paralysis (3)
Scrolls
 e - 2 scrolls of fear {unknown}
 f - 7 scrolls of remove curse {unknown}
 i - 5 scrolls of teleportation {unknown}
 j - 5 scrolls of identify {unknown}
 l - 3 scrolls of amnesia {unknown}
 q - a scroll of fog {unknown}
 t - a scroll of enchant weapon {unknown}
Potions
 c - a potion of haste {unknown}
 g - a potion of cancellation {unknown}
 h - a potion of heal wounds {unknown}
 k - 2 potions of might {unknown}
 n - 3 potions of lignification {unknown}
 o - a potion of magic {unknown}
 r - a potion of curing {unknown}
 s - a potion of flight {unknown}


   Skills:
 - Level 2.0 Dodging
 + Level 4.2 Stealth
 + Level 3.6 Spellcasting
 + Level 2.2 Conjurations
 - Level 2.0 Summonings
 - Level 1.0 Translocations
 * Level 2.4 Air Magic


You had 3 spell levels left.
You knew the following spells:

 Your Spells              Type           Power        Failure   Level
a - Magic Dart            Conj           40%          7%          1
b - Call Imp              Summ           9%           11%         2
c - Slow                  Hex            3%           26%         2
d - Mephitic Cloud        Conj/Pois/Air  8%           26%         3

Your spell library contained the following spells:

 Spells                   Type           Power        Failure   Level
 Blink                    Tloc           N/A          17%         2
 Conjure Flame            Conj/Fire      6%           30%         3


Dungeon Overview and Level Annotations

Branches:
Dungeon (7/15)
 Temple: D:4-7

Altars:
Ashenzari
Nemelex Xobeh
Qazlal
Vehumet
Wu Jian
Xom

Annotations:
D:7 1 runed translucent door, exclusion: statue


Innate Abilities, Weirdness & Mutations

You cannot wear most types of armour.
You are very stealthy in the water. (Stealth+)
You are amphibious.
You can wear up to eight rings at the same time.
You can use your tentacles to constrict eight enemies at once.
Your skin changes colour to match your surroundings (Stealth+).
Your rubbery body absorbs attacks. (AC +1, EV +1)


Message History

Casting: Call Imp (safe; 11% risk of failure)
Confirm with . or Enter, or press ? or * to list all spells.
A beastly little devil appears in a puff of flame.
Your crimson imp misses the white imp.
You hit the white imp. Your grab misses the white imp.
The white imp is heavily wounded.
The white imp closely misses you.
Your crimson imp blinks!
Your crimson imp closely misses the white imp.
You hit the white imp. Your grab misses the white imp.
Your squeeze misses the white imp.
The white imp is severely wounded.
The white imp gestures at you. The puff of frost hits you!
Your crimson imp blinks!
You barely miss the white imp. Your grab misses the white imp.
The white imp is severely wounded.
The white imp gestures at you. The puff of frost hits you!
You die...

#........ #....#
+.......# #....#
#.......# #....#
#........ #....#
#........ #..?.#
..#........
#....#..##........
#..ยง.#..##........
#@5..5..#........#
#....#..#........#
#....# #.........
#....#. ##........
#..5.#'###........
#....#...........#
#....#...........#
#....#............
#....#####...#####


You could see a white imp and 2 friendly crimson imps.

Vanquished Creatures
  A worker ant (D:4)
  5 adders
  3 worms (D:2)
  3 leopard geckos
  4 orcs (D:4)
  6 giant cockroaches
  5 goblins
  10 hobgoblins
  6 jackals
  6 kobolds
  3 quokkas
  2 ball pythons
  7 bats
  6 frilled lizards
  4 rats
71 creatures vanquished.

Notes
Turn   | Place    | Note
-------+----------+-------------------------------------------
     0 | D:1      | thiole the Octopode Hedge Wizard began the quest for the
                  | Orb.
     0 | D:1      | Reached XP level 1. HP: 11/11 MP: 4/4
   326 | D:1      | Reached XP level 2. HP: 16/17 MP: 1/6
   682 | D:1      | Reached skill level 3 in Stealth
  1562 | D:2      | Reached XP level 3. HP: 10/21 MP: 0/7
  1766 | D:2      | Learned a level 2 spell: Call Imp
  1769 | D:2      | Learned a level 2 spell: Slow
  1773 | D:2      | Learned a level 3 spell: Mephitic Cloud
  2428 | D:2      | Reached skill level 1 in Air Magic
  2428 | D:2      | Reached XP level 4. HP: 27/27 MP: 0/8
  3611 | D:3      | Found a broken altar of Ashenzari.
  4598 | D:4      | Reached skill level 4 in Stealth
  4598 | D:4      | Reached XP level 5. HP: 22/31 MP: 1/10
  4928 | D:4      | Noticed a phantom
  4930 | D:4      | Found a stormy altar of Qazlal.
  4931 | D:4      | You fall into a shaft and drop 3 floors!
  4932 | D:7      | Found a shimmering altar of Xom.
  5000 | D:7      | Found an ornate altar of the Wu Jian Council.
  5022 | D:7      | Found a sparkling altar of Nemelex Xobeh.
  5040 | D:7      | Noticed an ogre
  5086 | D:7      | Found a radiant altar of Vehumet.
  5086 | D:7      | Noticed a charred statue
  5117 | D:7      | Found a runed translucent door.
  5165 | D:7      | Killed from afar by a white imp

Illustrated notes

Levels and vault maps discovered:
D:1:      elethiomel_arrival_quiet, layout_loops_ring, minmay_misc_feat_encased
D:2:      layout_basic, hex_medium, minmay_fractal_squares_5
D:3:      layout_loops_ring, evilmike_ruin_ashenzari, kennysheep_another_room
D:4:      cheibrodos_thug_alley, layout_gridville, lemuel_crystal_altar,
          minmay_temple_entry_overgrown, guppyfry_shop_venom
D:7:      layout_gridville, lemuel_coloured_pillars_altar,
          nemelex_xobeh_ov_fountains_minmay, vehumet_statue,
          nicolae_overflow_hidden_temple, lightli_church_of_beogh, uniq_pikel

Skill      XL: |  1  2  3  4 |
---------------+-------------+-----
Stealth        | 3 4 |  4.2
Conjurations   | 2 |  2.2
Summonings     | 2 |  2.0
Air Magic      | 1 2 |  2.4
Dodging        | |  2.0
Spellcasting   | |  3.6
Translocations | |  1.0

Action                   |  1- 3 |  4- 6 || total
-------------------------+-------+-------++-------
Melee: Dagger            |    39 |    37 ||    76
       Constrict         |    15 |     7 ||    22
       Tentacles         |    10 |     3 ||    13
 Cast: Magic Dart        |    88 |    97 ||   185
       Call Imp          |       |     2 ||     2
Armor: Skin              |     7 |     4 ||    11
Dodge: Dodged            |    38 |    36 ||    74
